 Dungeon Crawl Stone Soup version 0.31-a0-329-g52107efa6a (webtiles) character file.

Game seed: 7130851849980678569

9748 AdnanSaban the Basher (level 11, 0/69 HPs)
             Began as a Gargoyle Fighter on July 19, 2023.
             Was a High Priest of Okawaru.
             Slain by a troll (8 damage)
             ... on level 12 of the Dungeon.
             The game lasted 00:17:06 (10642 turns).

AdnanSaban the Basher (Gargoyle Fighter)           Turns: 10642, Time: 00:17:07

Health: 0/69       AC: 28    Str: 29    XL:     11   Next: 51%
Magic:  11/11      EV:  6    Int: 10    God:    Okawaru [*****.]
Gold:   615        SH:  0    Dex: 11    Spells: 10/10 levels left

rFire   . . .        H - +3 mace (freeze)
rCold   x . .        M - +0 tower shield
rNeg    + . .        k - +0 plate armour
rPois   ∞            c - +2 hat
rElec   +            (no cloak)
rCorr   .            N - +0 pair of gloves "Akhoatz" {rC- Str+6 Dex+2}
SInv    .            f - +0 pair of boots
Will    .....        (no amulet) Stlth
                     m - +4 ring of slaying
HPRegen 0.31/turn    D - +4 ring of slaying
MPRegen 0.12/turn

%: no passive effects
@: confused, ambrosia-drunk
A: sickness immunity, AC +8, negative energy resistance 1, electricity
resistance, torment resistance 1, petrification resistance
a: Renounce Religion, Heroism, Finesse, Duel


You were on level 12 of the Dungeon.
You worshipped Okawaru.
Okawaru was extremely pleased with you.
You visited 2 branches of the dungeon, and saw 13 of its levels.

You collected 615 gold pieces.

Inventory:

Hand Weapons
 i - a +0 flail of holy wrath
 F - a +0 whip of electrocution
 H - a +3 mace of freezing (weapon)
Armour
 c - a +2 hat (worn)
 d - a +0 pair of gloves
 f - a +0 pair of boots (worn)
 k - a +0 plate armour (worn)
 M - a +0 tower shield (worn)
 N - the +0 pair of gloves "Akhoatz" (worn) {rC- Str+6 Dex+2}
   (Okawaru gifted it to you on level 12 of the Dungeon)

   Str:       It affects your strength (+6).
   Dex:       It affects your dexterity (+2).
   rC:        It makes you vulnerable to cold.
Jewellery
 g - a ring of wizardry
 m - a +4 ring of slaying (left hand)
 s - a ring of protection from cold
 t - a ring of protection from cold
 u - a ring of positive energy
 w - a ring of flight
 D - a +4 ring of slaying (right hand)
Wands
 p - a wand of flame (12)
 y - a wand of acid (12)
 K - a wand of paralysis (7)
Scrolls
 h - 3 scrolls of enchant armour {unknown}
 n - 3 scrolls of vulnerability {unknown}
 o - 2 scrolls of blinking {unknown}
 q - 5 scrolls of teleportation {unknown}
 v - 9 scrolls of identify {unknown}
 z - 2 scrolls of enchant weapon {unknown}
 C - 2 scrolls of amnesia {unknown}
 E - a scroll of fear {unknown}
 I - a scroll of noise {unknown}
 L - a scroll of fog {unknown}
Potions
 a - 2 potions of degeneration {unknown}
 b - 5 potions of ambrosia
 e - 3 potions of lignification {unknown}
 j - 2 potions of haste {unknown}
 l - 3 potions of resistance {unknown}
 r - a potion of enlightenment {unknown}
 x - a potion of attraction {unknown}
 A - 2 potions of mutation {unknown}
 B - 4 potions of curing {unknown}
 G - a potion of berserk rage {unknown}
 J - 2 potions of heal wounds {unknown}


   Skills:
 + Level 8.5 Fighting
 + Level 11.9 Maces & Flails
 + Level 11.0 Armour
 + Level 1.4 Dodging
 + Level 1.6 Stealth
 + Level 6.9 Shields


You had 10 spell levels left.
You didn't know any spells.
Your spell library contained the following spells:

 Spells                   Type           Power      Damage    Failure   Level
 Ensorcelled Hibernation  Hex/Ice        0%         N/A       100%        2
 Passwall                 Tmut/Erth      0%         N/A       100%        2
 Portal Projectile        Hex/Tloc       0%         N/A       100%        3
 Swiftness                Air            0%         N/A       100%        3
 Leda's Liquefaction      Hex/Erth       0%         N/A       100%        4
 Conjure Ball Lightning   Conj/Air       0%         3x3d6     100%        6
 Cigotuvi's Dreadful Rot  Necr/Pois/Air  Unusable   N/A       N/A         2
 Call Canine Familiar     Summ           Unusable   N/A       N/A         3
 Summon Ice Beast         Ice/Summ       Unusable   N/A       N/A         4
 Summon Horrible Things   Summ           Unusable   N/A       N/A         8

Dungeon Overview and Level Annotations

Branches:
Dungeon (12/15)            Temple (1/1) D:7            Lair (0/5) D:10
    Orc (0/2) D:10

Altars:
Ashenzari
Cheibriados
Dithmenos
Elyvilon
Fedhas
Gozag
Hepliaklqana
Kikubaaqudgha
Makhleb
Nemelex Xobeh
Okawaru
Qazlal
Ru
Sif Muna
Trog
Uskayaw
Vehumet
Wu Jian
Xom
Yredelemnul
Zin
The Shining One

Shops:
D:3 :   D:8 :   D:10 *


Innate Abilities, Weirdness & Mutations

You are immune to sickness and miasma.
Your stone body is resilient. (AC +8)
You are immune to poison.
You resist negative energy. (rN+)
You are resistant to electric shocks. (rElec)
You are resistant to unholy torment.
You are immune to petrification.


Message History

You start removing your armour.
You continue taking off your +0 pair of gloves. x4
You finish taking off your +0 pair of gloves.
You start putting on your armour.
You continue putting on the +0 pair of gloves "Akhoatz" {rC- Str+6 Dex+2}. x5
You finish putting on the +0 pair of gloves "Akhoatz" {rC- Str+6 Dex+2}.
You feel stronger.
You feel agile.
You see here a +0 dagger.
B - 4 smoky black potions (gained 1)
You now have 615 gold pieces (gained 21).
A troll comes into view.
The troll shouts!
A skeletal warrior comes into view. It is wielding a +0 short sword.
A skeletal warrior comes into view. It is wielding a +0 halberd.
A skeletal warrior comes into view. It is wielding a +0 hand axe.
Found a stone staircase leading down.
A skeletal warrior comes into view. It is wielding a +0 dire flail.
The troll barely misses you. The troll claws you. x2
The skeletal warrior hits you from afar with a +0 halberd!!
The troll attacks as you move away! You block the troll's attack. x2
The troll claws you but does no damage. The troll attacks as you move away!
The troll bites you! You block the troll's attack. x2
The troll attacks as you move away! The troll bites you!
You block the troll's attack. x2
The troll attacks as you move away! The troll bites you but does no damage.
You block the troll's attack. The troll claws you but does no damage.
The troll attacks as you move away! The troll bites you!
The troll claws you but does no damage. You block the troll's attack.
The troll attacks as you move away! The troll bites you but does no damage.
You block the troll's attack. The troll claws you.
The troll attacks as you move away! You block the troll's attack.
The troll claws you!
* * * LOW HITPOINT WARNING * * *
The troll claws you!
* * * LOW HITPOINT WARNING * * *
It was a potion of ambrosia.
You are confused.
You feel invigorated. The troll bites you!
You die...

#.........####
########..# #.#
##.## #.# #..# #.#
##.### #.#
#...###### #.#
###.)....# #.#
####..##.# #.#
#.....@#.#####.#####
#.####.Tz....#.....#
# ###.....#.###.#
#.....#.# #.#
####z.#.# #.#
#....#.# #.#
#.#.##.# #.#
#.#....###.# .
#..#.#...#


You could see 2 skeletal warriors and a troll.

Vanquished Creatures
  2 two-headed ogres
  A boulder beetle (D:11)
  Pikel (D:7)
  A deep elf pyromancer (D:12)
  2 cyclopes
  A gargoyle (D:11)
  Maggie (D:7)
  A komodo dragon (D:10)
  3 trolls
  Grinder (D:2)
  Sigmund (D:3)
  3 yaks (D:9)
  2 steam dragons
  An acid dragon (D:11)
  Duvessa (D:4)
  2 black bears
  2 orc warriors
  2 sky beasts (D:6)
  5 centaurs
  3 phantoms
  3 kobold brigands
  A gnoll sergeant (D:7)
  2 bullfrogs
  Blork the orc (D:4)
  2 scorpions
  14 wights
  Dowan (D:4)
  3 killer bees (D:10)
  A howler monkey (D:8)
  A jelly (D:7)
  2 hounds
  5 orc priests
  A gnoll bouda (D:5)
  2 sleepcaps (D:5)
  Ijyb (D:3)
  5 iguanas
  6 orc wizards
  5 adders
  15 gnolls
  2 shadow imps
  A white imp (D:7)
  2 ufetubi
  4 dart slugs
  26 orcs
  A bat (D:2)
  7 endoplasms
  2 giant cockroaches
  A goblin (D:2)
  9 hobgoblins
  8 jackals
  23 kobolds
  6 quokkas
  10 ball pythons
  A frilled lizard (D:2)
  A goblin zombie (D:4)
  A quokka zombie (D:4)
  5 rats
217 creatures vanquished.

Vanquished Creatures (others)
  2 orc wizards
2 creatures vanquished.

Grand Total: 219 creatures vanquished

Notes
Turn   | Place    | Note
-------+----------+-------------------------------------------
     0 | D:1      | AdnanSaban the Gargoyle Fighter began the quest for the
                  | Orb.
     0 | D:1      | Reached XP level 1. HP: 14/14 MP: 1/1
     5 | D:1      | You fall into a shaft and drop 1 floor!
    34 | D:2      | Reached XP level 2. HP: 7/19 MP: 2/2
   118 | D:2      | Reached XP level 3. HP: 16/23 MP: 3/3
   266 | D:2      | Found a faded altar of an unknown god.
   287 | D:2      | HP: 1/24 [hobgoblin (4)]
   685 | D:1      | Reached XP level 4. HP: 25/29 MP: 4/4
  1083 | D:2      | Found a basalt altar of Yredelemnul.
  1440 | D:3      | Noticed Ijyb
  1449 | D:3      | Noticed Grinder
  1454 | D:2      | Paralysed by Grinder for 2 turns
  1458 | D:2      | Paralysed by Grinder for 4 turns
  1632 | D:3      | Found Goreipi's Book Shoppe.
  1649 | D:3      | Killed Ijyb
  1842 | D:3      | Noticed Sigmund
  1884 | D:3      | Killed Sigmund
  1885 | D:3      | Reached XP level 5. HP: 15/34 MP: 5/5
  1885 | D:3      | Reached XP level 6. HP: 17/39 MP: 6/6
  2075 | D:2      | Paralysed by Grinder for 5 turns
  2093 | D:2      | Killed Grinder
  2094 | D:2      | Reached skill level 5 in Maces & Flails
  2094 | D:2      | Reached skill level 5 in Armour
  2094 | D:2      | Reached XP level 7. HP: 31/44 MP: 7/7
  2195 | D:4      | Noticed Blork the orc
  2204 | D:4      | Killed Blork the orc
  2317 | D:4      | Got the Secrets of Assembled Nephomancy
  2722 | D:4      | Noticed Duvessa
  2722 | D:4      | Noticed Dowan
  2735 | D:4      | Killed Duvessa
  2751 | D:4      | Killed Dowan
  3146 | D:5      | Entered Level 5 of the Dungeon
  3215 | D:5      | Reached XP level 8. HP: 48/48 MP: 8/8
  3512 | D:5      | Reached skill level 5 in Fighting
  4097 | D:5      | Identified the +1 robe "Paijiuti" {rElec rC- Regen+ Int+3}
  4581 | D:6      | Reached XP level 9. HP: 53/55 MP: 9/9
  5821 | D:7      | Reached skill level 1 in Dodging
  6002 | D:7      | Found a staircase to the Ecumenical Temple.
  6026 | Temple   | Entered the Ecumenical Temple
  6104 | Temple   | Became a worshipper of Warmaster Okawaru
  6479 | D:7      | Noticed Maggie
  6488 | D:7      | Killed Maggie
  6488 | D:7      | Reached * piety under Okawaru
  6489 | D:7      | Reached skill level 5 in Shields
  6853 | D:8      | Reached skill level 10 in Maces & Flails
  6886 | D:8      | Found Aleal's Book Shop.
  6904 | D:8      | Noticed Pikel
  6926 | D:7      | Killed Pikel
  6927 | D:7      | Reached XP level 10. HP: 55/63 MP: 10/10
  7408 | D:8      | Reached ** piety under Okawaru
  8506 | D:10     | Entered Level 10 of the Dungeon
  8646 | D:10     | Found a staircase to the Lair.
  8666 | D:10     | Reached *** piety under Okawaru
  8849 | D:10     | Found Ea-nāṣir's Fine Metal Goods.
  9102 | D:10     | Found a blossoming altar of Fedhas.
  9102 | D:10     | Found a hazy altar of Hepliaklqana.
  9143 | D:10     | Found a staircase to the Orcish Mines.
  9240 | D:10     | Reached skill level 10 in Armour
  9496 | D:11     | Noticed a cyclops
  9496 | D:11     | Noticed a two-headed ogre
  9616 | D:11     | Killed a cyclops
  9617 | D:11     | Reached skill level 1 in Stealth
  9684 | D:11     | Killed a two-headed ogre
  9684 | D:11     | Reached **** piety under Okawaru
  9685 | D:11     | Reached XP level 11. HP: 57/68 MP: 11/11
  9845 | D:11     | Noticed a boulder beetle
  9861 | D:11     | Killed a boulder beetle
 10023 | D:11     | Reached ***** piety under Okawaru
 10458 | D:12     | Noticed a two-headed ogre
 10466 | D:12     | Killed a two-headed ogre
 10509 | D:12     | Noticed a cyclops
 10516 | D:12     | Killed a cyclops
 10565 | D:12     | Noticed a deep elf pyromancer
 10570 | D:12     | Killed a deep elf pyromancer
 10570 | D:12     | Identified the +0 pair of gloves "Akhoatz" {rC- Str+6
                  | Dex+2} (Okawaru gifted it to you on level 12 of the
                  | Dungeon)
 10570 | D:12     | Received a gift from Okawaru
 10623 | D:12     | Noticed a skeletal warrior
 10623 | D:12     | Noticed a skeletal warrior
 10624 | D:12     | Noticed a skeletal warrior
 10624 | D:12     | Noticed a skeletal warrior
 10640 | D:12     | HP: 3/69 [troll (9)]
 10642 | D:12     | Slain by a troll

Illustrated notes

Levels and vault maps discovered:
D:1:      minmay_arrival_shattered_statue, layout_rooms, minmay_bisected
D:2:      layout_loops_ring, hellmonk_ecumenical_altar_blasted, basic_altar,
          minmay_pentomino_s4
D:3:      layout_basic, serial_shops, shop, uniq_sigmund, uniq_ijyb,
          uniq_grinder
D:4:      layout_basic, enter_ossuary_4, uniq_blork_the_orc, uniq_duvessa
D:5:      layout_loops_corners
D:6:      layout_loops_ring
D:7:      layout_basic, minmay_temple_entry_ruins, roderic_lattice_a,
          uniq_maggie
D:8:      layout_loops_corners, serial_shops, shop, serial_park_tiny_2,
          uniq_pikel
D:9:      layout_gridville, amcnicky_mini_pool_small
D:10:     layout_gridville, gammafunk_temple_overflow_wave, david_lair_shrubbed,
          ebering_dispersal_statue_hall, nicolae_ea-nasir_strikes_again
D:11:     layout_rooms
D:12:     layout_basic, nicolae_straight_to_the_point
Temple:   mainiacjoe_temple_cubbyholes

Skill      XL: |  1  2  3  4  5  6  7  8  9 10 11 |
---------------+----------------------------------+-----
Armour         | 4 5 6 8 10 11 | 11.0
Maces & Flails | 4 5 6 8 10 11 | 11.9
Fighting       | 4 5 7 8 |  8.5
Shields        | 4 5 6 |  6.9
Dodging        | 1 |  1.4
Stealth        | 1 |  1.6

Action                     |  1- 3 |  4- 6 |  7- 9 | 10-12 || total
---------------------------+-------+-------+-------+-------++-------
  Melee: Flail             |   122 |   111 |   346 |    28 ||   607
         Mace              |       |       |       |   186 ||   186
    Use: Potion            |       |       |       |     1 ||     1
 Armour: Scale mail        |    94 |       |       |       ||    94
         Plate armour      |     8 |    86 |   227 |   144 ||   465
  Dodge: Dodged            |    79 |    41 |    93 |    52 ||   265
  Block: Buckler           |    29 |    26 |    75 |     3 ||   133
         Kite shield       |       |       |       |    54 ||    54
         Tower shield      |       |       |       |    44 ||    44

Table legend: (Time is in decaauts)
 A = Elapsed time spent in this place.
 B = Non-inter-level travel time spent in this place.
 C = Inter-level travel time spent in this place.
 D = Time resting spent in this place.
 E = Time spent auto-exploring this place.
 F = Levels seen in this place.
 G = Mean time per level.
                   A        B        C        D        E       F      G
               +--------+--------+--------+--------+--------+-----+--------+
         Total |  10735 |   9932 |    803 |    706 |   7165 |  13 |  825.8 |
       Dungeon |  10614 |   9930 |    684 |    706 |   7165 |  12 |  884.5 |
        Temple |    121 |      2 |    119 |      0 |      0 |   1 |  121.0 |
               +--------+--------+--------+--------+--------+-----+--------+

Top non-repeatable levels by time:
     D:5: 1184 daAuts
     D:8: 1152 daAuts
     D:2: 1125 daAuts
     D:4: 1118 daAuts
     D:6: 1094 daAuts
     D:7: 1015 daAuts
    D:10: 1005 daAuts
     D:9: 825 daAuts
    D:11: 818 daAuts
     D:3: 565 daAuts
     D:1: 517 daAuts
    D:12: 192 daAuts
  Temple: 121 daAuts
